 Dungeon Crawl Stone Soup version 0.18.1-1-g2f07953 (webtiles) character file.

8909 Dipster the Covert (level 11, -6/47 HPs)
             Began as a Spriggan Enchanter on Oct 19, 2016.
             Was an Elder of Vehumet.
             Mangled by an ice devil (21 damage)
             ... in an ice cave on Nov 6, 2016.
             The game lasted 00:52:34 (12079 turns).

Dipster the Covert (Spriggan Enchanter)            Turns: 12079, Time: 00:52:35

Health: -6/47      AC:  7    Str:  6    XL:     11   Next: 16%
Magic:  13/23      EV: 20    Int: 17    God:    Vehumet [****..]
Gold:   310        SH:  0    Dex: 21    Spells: 9 memorised, 0 levels left

rFire  . . .     SeeInvis +     N - +3 short sword (venom)
rCold  . . .     Gourm    .     b - +1 robe
rNeg   . . .     Faith    .     (shield restricted)
rPois  .         Spirit   .     (helmet restricted)
rElec  .         Dismiss  .     h - +0 cloak
rCorr  .         Reflect  .     (gloves unavailable)
SustAt .         Harm     .     (boots unavailable)
MR     +....                    G - amulet of regeneration
Stlth  ++++++....               I - +3 ring of dexterity
                                V - +3 ring of protection

@: very quick, somewhat resistant to hostile enchantments, very stealthy
A: unfitting armour, see invisible, herbivore 3, speed 3, slow metabolism 2
a: Renounce Religion


You were in an ice cave.
You worshipped Vehumet.
Vehumet was greatly pleased with you.
You were not hungry.

You visited 3 branches of the dungeon, and saw 12 of its levels.
You also visited: Ice Cave.

You collected 489 gold pieces.
You spent 179 gold pieces at shops.

Inventory:

Hand Weapons
 i - a +0 blowgun
 k - a +0 shortbow
 s - a +1 mace of holy wrath
 u - a +3 dagger
 v - a +0 hunting sling
 L - a +0 whip of pain
 N - a +3 short sword of venom (weapon)
Missiles
 f - 43 sling bullets
 j - 204 stones
 n - 7 tomahawks
 o - 105 arrows
 A - 6 tomahawks of returning (quivered)
 M - 13 poisoned needles
Armour
 b - a +1 robe (worn)
 g - a +1 fire dragon armour
 h - a +0 cloak (worn)
 E - a +0 buckler
Magical Staves
 a - an uncursed staff of poison
 U - an uncursed staff of death
 Z - an uncursed staff of earth {unknown}
Jewellery
 w - an uncursed amulet of faith
 y - an uncursed ring of flight
 G - an amulet of regeneration (around neck)
 I - a +3 ring of dexterity (right hand)
 P - an uncursed ring of resist corrosion
 V - a +3 ring of protection (left hand)
Wands
 p - a wand of enslavement (6/24)
 J - a wand of lightning (3/15)
 O - a wand of iceblast (4/15)
 Y - a wand of iceblast (6/15)
Scrolls
 m - 8 scrolls of remove curse
 t - 3 scrolls of amnesia
 T - a scroll of enchant armour
 W - 2 scrolls of teleportation
Potions
 e - 2 potions of resistance
 l - 2 potions of haste
 r - 3 potions of invisibility
 x - a potion of heal wounds
 C - a potion of lignification
 D - a potion of magic
 F - a potion of brilliance {unknown}
 Q - a potion of flight {unknown}
 R - a potion of mutation {unknown}
 S - 2 potions of berserk rage {unknown}
Books
 c - a book of Maledictions

   Spells                             Type                      Level
   a - Corona                         Hexes                        1
   b - Ensorcelled Hibernation        Hexes/Ice                    2
   c - Confuse                        Hexes                        3
   d - Tukima's Dance                 Hexes                        3
   e - Dazzling Spray                 Conjuration/Hexes            3
 H - a book of the Warp

   Spells                             Type                      Level
   a - Recall                         Summoning/Translocation      3
   b - Gell's Gravitas                Hexes/Translocation          3
   c - Force Lance                    Conjuration/Translocation    4
   d - Warp Weapon                    Charms/Translocation         5
   e - Summon Forest                  Summoning/Translocation      5
 K - a book of Death

   Spells                             Type                      Level
   a - Corpse Rot                     Necromancy                   2
   b - Sublimation of Blood           Necromancy                   2
   c - Agony                          Necromancy                   5
   d - Dispel Undead                  Necromancy                   5
   e - Excruciating Wounds            Charms/Necromancy            5
   f - Bolt of Draining               Conjuration/Necromancy       5
 X - a book of Alchemy

   Spells                             Type                      Level
   a - Sublimation of Blood           Necromancy                   2
   b - Ignite Poison                  Fire/Transmutation/Poison    3
   c - Petrify                        Transmutation/Earth          4
   d - Alistair's Intoxication        Transmutation/Poison         5
   e - Irradiate                      Conjuration/Transmutation    5
Comestibles
 d - 5 bread rations
 q - 6 slices of pizza
 z - 3 fruits
 B - 6 royal jellies


   Skills:
 + Level 6.6 Short Blades
 * Level 6.2 Armour
 + Level 3.6 Dodging
 * Level 11.0 Stealth
 - Level 4.1 Shields
 + Level 7.3 Spellcasting
 * Level 4.8 Conjurations
 + Level 7.6 Hexes
 + Level 1.5 Translocations
 * Level 1.9 Fire Magic
 * Level 2.1 Air Magic


You couldn't memorise any spells.
You knew the following spells:

 Your Spells              Type           Power        Failure   Level  Hunger
a - Corona                Hex            ####...      1%          1    None
b - Ensorcelled Hibernat  Hex/Ice        ###...       3%          2    None
c - Confuse               Hex            ####....     1%          3    ##.....
d - Tukima's Dance        Hex            ####....     1%          3    ##.....
e - Force Lance           Conj/Tloc      ###.....     9%          4    ####...
f - Magic Dart            Conj           ###.         1%          1    None
g - Throw Flame           Conj/Fire      ###...       1%          2    None
h - Mephitic Cloud        Conj/Pois/Air  ##......     4%          3    ##.....
i - Lightning Bolt        Conj/Air       ###.......   34%         5    #####..


Dungeon Overview and Level Annotations

Branches:
Dungeon (10/15)            Temple (1/1) D:5            Lair (1/8) D:9
    Orc: D:9-12

Altars:
Ashenzari
Cheibriados
Dithmenos
Elyvilon
Fedhas
Gozag
Kikubaaqudgha
Makhleb
Nemelex Xobeh
Okawaru
Pakellas
Qazlal
Ru
Sif Muna
Trog
Vehumet
Xom
Yredelemnul
Zin
The Shining One

Shops:
D:4 *

Annotations:
D:3 Trampli's ghost, weakling TrHu


Innate Abilities, Weirdness & Mutations

You are tiny and cannot use many weapons and most armour.
You have supernaturally acute eyesight.
You are a herbivore.
You cover ground extremely quickly.
You need consume almost no food.


Message History

Press: ? - help, Shift-Dir - straight line, f/p - ice devil
Aim: an ice devil (lightly wounded)
The lance of force hits the ice devil.
The ice devil is lightly wounded.
The ice devil hits you but does no damage.
There is an ice choked empty arch of ancient stone here.
The ice devil barely misses you.
There is an ice covered gate leading back out of this place here.
You closely miss the ice devil.
The ice devil is lightly wounded.
The ice devil completely misses you.
You barely miss the ice devil.
The ice devil is lightly wounded.
You hit the ice devil.
The ice devil is moderately wounded.
The ice devil completely misses you.
You hit the ice devil but do no damage.
The ice devil is moderately wounded.
The ice devil hits you! The ice devil freezes you!!
You die...

#.. .... .... ####
..... ##..######
#.....
##....##..##......
#.................
#..∩@4............
#.......##........
##....######......
##..## #..... ####
..... .... ... #..


You could see an ice devil.

Vanquished Creatures
  Joseph (D:8)
  A spiny frog (Lair:1)
  A queen bee (D:9)
  A two-headed ogre (D:8)
  A wyvern (D:8)
  Sigmund (D:3)
  Eustachio (D:6)
  A hippogriff (D:10)
  A human (D:9)
  8 yaks (Lair:1)
  A basilisk (Lair:1)
  A steam dragon (D:10)
  3 hungry ghosts
  Edmund (D:4)
  3 water moccasins
  2 hell hounds (D:9)
  A porcupine (Lair:1)
  9 ice beasts
  A sky beast (D:10)
  A wasp (D:8)
  3 orc warriors
  3 ogres
  2 phantoms
  A centaur (D:5)
  A crocodile (D:9)
  A big kobold (D:8)
  Blork the orc (D:4)
  5 giant frogs
  A gnoll sergeant (D:9)
  4 scorpions
  15 killer bees (D:9)
  A howler monkey (D:4)
  2 crimson imps
  A giant frog zombie (D:7)
  A quasit (D:10)
  4 jellies
  6 orc priests
  4 hounds
  A centaur skeleton (D:8)
  Crazy Yiuf (D:6)
  A giant frog skeleton (D:7)
  3 iguanas
  8 orc wizards
  6 worker ants
  A killer bee zombie (D:5)
  4 sheep (D:9)
  A hound zombie (D:10)
  2 worker ant zombies
  13 adders
  3 gnolls (D:9)
  A howler monkey skeleton (D:9)
  2 river rats (D:5)
  An ooze (D:2)
  An adder zombie (D:5)
  4 worms
  2 dart slugs
  3 giant geckos
  24 orcs
  2 ball pythons
  10 bats
  8 giant cockroaches
  10 hobgoblins
  11 jackals
  7 kobolds
  4 quokkas
  A giant gecko skeleton (D:5)
  5 giant newts
  9 goblins
  2 quokka zombies (D:5)
  9 rats
256 creatures vanquished.

Vanquished Creatures (collateral kills)
  2 killer bees (D:9)
2 creatures vanquished.

Grand Total: 258 creatures vanquished

Notes
Turn   | Place    | Note
--------------------------------------------------------------
     0 | D:1      | Dipster the Spriggan Enchanter began the quest for the Orb.
     0 | D:1      | Reached XP level 1. HP: 9/9 MP: 5/5
   588 | D:1      | Reached XP level 2. HP: 13/13 MP: 6/6
  1058 | D:2      | Reached skill level 1 in Armour
  1499 | D:2      | Reached XP level 3. HP: 12/16 MP: 8/8
  1552 | D:2      | Found a shimmering altar of Xom.
  1861 | D:2      | Reached XP level 4. HP: 17/21 MP: 9/9
  3503 | D:3      | Noticed Trampli's ghost (weakling TrHu)
  3705 | D:3      | Reached XP level 5. HP: 20/24 MP: 11/11
  3724 | D:3      | Noticed Sigmund
  3748 | D:3      | Killed Sigmund
  3748 | D:3      | Reached skill level 5 in Hexes
  3748 | D:3      | Reached XP level 6. HP: 28/28 MP: 11/13
  4154 | D:5      | Entered Level 5 of the Dungeon
  4250 | D:5      | Found a staircase to the Ecumenical Temple.
  4259 | Temple   | Entered the Ecumenical Temple
  4336 | Temple   | Became a worshipper of Vehumet
  4667 | D:5      | Learned a level 2 spell: Ensorcelled Hibernation
  4671 | D:5      | Learned a level 3 spell: Confuse
  4675 | D:5      | Learned a level 3 spell: Tukima's Dance
  4680 | D:5      | Learned a level 4 spell: Force Lance
  5671 | D:5      | Reached XP level 7. HP: 32/32 MP: 14/14
  6137 | D:5      | Reached skill level 5 in Stealth
  6509 | D:4      | Found Lajoli's Assorted Antiques.
  6517 | D:4      | Bought a scroll labeled DYEZXAMYME for 28 gold pieces
  6517 | D:4      | Bought a bubbling grey potion for 25 gold pieces
  6517 | D:4      | Bought a glowing buckler for 126 gold pieces
  6544 | D:4      | Noticed Blork the orc
  6553 | D:4      | Killed Blork the orc
  6599 | D:4      | Found a shadowy altar of Dithmenos.
  6599 | D:4      | Found an opulent altar of Gozag.
  6656 | D:4      | Reached * piety under Vehumet
  6656 | D:4      | Offered knowledge of Magic Dart by Vehumet.
  6659 | D:4      | Learned a level 1 spell: Magic Dart
  6667 | D:4      | Found an iron altar of Okawaru.
  6667 | D:4      | Noticed Edmund
  6679 | D:4      | Killed Edmund
  6679 | D:4      | Reached skill level 6 in Stealth
  6852 | D:6      | Reached skill level 1 in Shields
  6852 | D:6      | Reached skill level 1 in Conjurations
  6852 | D:6      | Reached XP level 8. HP: 36/36 MP: 7/16
  6977 | D:6      | Found a sacrificial altar of Ru.
  6978 | D:6      | Reached skill level 5 in Spellcasting
  6994 | D:6      | Found an ancient bone altar of Kikubaaqudgha.
  7263 | D:6      | Noticed Eustachio
  7269 | D:6      | Killed Eustachio
  7414 | D:6      | Noticed Crazy Yiuf
  7427 | D:6      | Killed Crazy Yiuf
  7459 | D:6      | Reached skill level 7 in Stealth
  7816 | D:6      | Found a shattered altar of Ashenzari.
  8249 | D:7      | Reached XP level 9. HP: 39/39 MP: 6/18
  8406 | D:7      | Reached ** piety under Vehumet
  8406 | D:7      | Offered knowledge of Throw Flame by Vehumet.
  8422 | D:7      | Learned a level 2 spell: Throw Flame
  8486 | D:7      | Reached skill level 5 in Short Blades
  8605 | D:7      | Reached skill level 8 in Stealth
  9048 | D:8      | Reached skill level 5 in Armour
  9145 | D:8      | Noticed Joseph
  9167 | D:8      | Killed Joseph
  9291 | D:8      | Reached skill level 9 in Stealth
  9594 | D:8      | Offered knowledge of Static Discharge by Vehumet.
  9863 | D:9      | Reached XP level 10. HP: 44/44 MP: 20/20
  9897 | D:9      | Reached *** piety under Vehumet
 10168 | D:9      | Found a staircase to the Lair.
 10606 | D:9      | Offered knowledge of Mephitic Cloud by Vehumet.
 10611 | D:9      | Learned a level 3 spell: Mephitic Cloud
 10833 | D:9      | Reached skill level 10 in Stealth
 11430 | D:10     | Entered Level 10 of the Dungeon
 11554 | D:10     | Reached **** piety under Vehumet
 11714 | Lair:1   | Entered Level 1 of the Lair of Beasts
 11716 | Lair:1   | Reached skill level 1 in Translocations
 11720 | Lair:1   | Reached skill level 1 in Fire Magic
 11720 | Lair:1   | Reached skill level 1 in Air Magic
 11764 | Lair:1   | Noticed a spiny frog
 11799 | Lair:1   | Offered knowledge of Lightning Bolt by Vehumet.
 11799 | Lair:1   | Reached XP level 11. HP: 47/47 MP: 18/22
 11806 | Lair:1   | Learned a level 5 spell: Lightning Bolt
 11815 | Lair:1   | Reached skill level 11 in Stealth
 11924 | Lair:1   | Found a frozen archway.
 12043 | IceCv    | Entered an ice cave
 12079 | IceCv    | Mangled by an ice devil

Skill      XL: |  1  2  3  4  5  6  7  8  9 10 11 |
---------------+----------------------------------+-----
Armour         | 1 2 3 4 5 6 |  6.2
Spellcasting   | 3 4 5 6 7 |  7.3
Hexes          | 4 5 6 7 |  7.6
Short Blades   | 2 3 4 5 6 |  6.6
Stealth        | 6 7 9 10 11 | 11.0
Shields        | 1 2 3 4 |  4.1
Conjurations   | 1 2 3 4 |  4.8
Translocations | 1 |  1.5
Fire Magic     | 1 |  1.9
Air Magic      | 1 2 |  2.1
Dodging        | |  3.6

Action                   |  1- 3 |  4- 6 |  7- 9 | 10-12 || total
-------------------------+-------+-------+-------+-------++-------
Melee: Dagger            |    37 |   101 |   140 |       ||   278
       Short sword       |   162 |   312 |   155 |   249 ||   878
       Staff             |       |       |       |     4 ||     4
 Fire: Hunting sling     |       |    35 |       |       ||    35
       Shortbow          |       |    17 |       |       ||    17
Throw: Stone             |     5 |       |     1 |       ||     6
       Tomahawk          |       |    28 |       |       ||    28
 Cast: Ensorcelled Hiber |       |       |    25 |       ||    25
       Confuse           |       |       |    59 |    51 ||   110
       Corona            |       |       |     8 |     3 ||    11
       Magic Dart        |       |       |    12 |       ||    12
       Throw Flame       |       |       |     5 |    11 ||    16
       Mephitic Cloud    |       |       |       |    11 ||    11
       Force Lance       |       |       |       |     2 ||     2
  Use: Potion            |     2 |     9 |       |     1 ||    12
       Scroll            |       |    12 |     4 |     5 ||    21
 Stab: Sleeping          |     2 |     5 |    34 |    14 ||    55
       Confused          |       |       |    25 |    22 ||    47
       Distracted        |       |       |     1 |     3 ||     4
  Eat: Pizza             |       |     1 |     1 |     1 ||     3
       Bread ration      |       |     1 |       |       ||     1
       Royal jelly       |       |       |     1 |     1 ||     2
       Fruit             |       |       |       |     2 ||     2
Armor: Fire dragon armou |   115 |   222 |       |       ||   337
       Robe              |       |       |    22 |    24 ||    46
Dodge: Dodged            |   112 |   241 |   172 |   157 ||   682
